 Dungeon Crawl Stone Soup version 0.24.1-14-gf8d2b509d9 (webtiles) character file.

Game seed: 18211076692295814164, levelgen mode: deterministic

588457 Skodnik20 the Axe Maniac (level 26, -27/239 HPs)
             Began as a Minotaur Berserker on May 27, 2020.
             Was the Champion of Trog.
             Killed from afar by an orb of fire (30 damage)
             ... with a fireball
             ... on level 5 of the Realm of Zot on May 28, 2020.
             The game lasted 05:23:42 (57386 turns).

Skodnik20 the Axe Maniac (Minotaur Berserker)      Turns: 57386, Time: 05:23:42

Health: -27/239    AC: 47    Str: 27    XL:     26   Next: 14%
Magic:  0/21       EV: 19    Int:  8    God:    Trog [******]
Gold:   5949       SH: 19    Dex: 20    Spells: 25/25 levels left

rFire    + + .     SeeInvis +   O - +9 broad axe (elec)
rCold    + . .     Gourm    .   d - +4 shield {reflect}
rNeg     + + +     Faith    .   p - +12 gold dragon scales
rPois    +         Spirit   +   P - +2 hat of the Bear Spirit {Spirit, +Rage rN+ MR++}
rElec    +         Reflect  +   N - +2 cloak of the Thief {+Fog Slay-2 SInv Stlth+}
rCorr    .         Harm     .   L - -1 pair of gloves "Akkunlela" {rN+} (curse)
MR       +++++                  R - +2 pair of boots {run}
Stlth    ..........             G - amulet "Taaxin" {+Blink rN+ MR+ Regen+ Slay+5}
HPRegen  1.89/turn              f - ring of protection from fire
MPRegen  0.17/turn              I - ring "Xothoor" {rElec rPois MP-9 Int+4 Dex+3 Stlth+}

@: regenerating, studying Maces & Flails, quick
A: retaliatory headbutt, horns 2, frail 1, mutation resistance 1
}: 3/15 runes: barnacled, silver, gossamer
a: Berserk, Trog's Hand, Brothers in Arms, Renounce Religion, Evoke Blink, Evoke
Fog, Evoke Berserk Rage


You were on level 5 of the Realm of Zot.
You worshipped Trog.
Trog was exalted by your worship.
You were very hungry.

You visited 10 branches of the dungeon, and saw 50 of its levels.
You also visited: Ossuary and Volcano.

You collected 8531 gold pieces.
You spent 2582 gold pieces at shops.

Inventory:

Hand Weapons
 y - the +7 broad axe of the Unliving {chop, +Blink rF+ Int+2}
   (Trog gifted it to you on level 14 of the Dungeon)

   It inflicts extra damage upon your enemies.
   It affects your intelligence (+2).
   It protects you from fire.
   It lets you blink.
 O - a +9 broad axe of electrocution (weapon)
Armour
 d - a +4 shield of reflection (worn)
 i - a scarf of cloud immunity
 p - +12 gold dragon scales (worn)
 L - the cursed -1 pair of gloves "Akkunlela" (worn) {rN+}
   (You found it on level 2 of the Depths)

   It protects you from negative energy.
   It has a curse placed upon it.
 N - the +2 cloak of the Thief (worn) {+Fog Slay-2 SInv Stlth+}
   (You found it on level 2 of the Spider Nest)

   It affects your accuracy and damage with ranged weapons and melee attacks
   (-2).
   It lets you see invisible.
   It makes you more stealthy.
 P - the +2 hat of the Bear Spirit (worn) {Spirit, +Rage rN+ MR++}
   (You bought it in a shop on level 12 of the Dungeon)

   It protects you from negative energy.
   It affects your resistance to hostile enchantments.
   It lets you go berserk.
 R - a +2 pair of boots of running (worn)
Jewellery
 e - an uncursed amulet of magic regeneration
 f - a ring of protection from fire (left hand)
 s - an uncursed ring of protection from magic
 C - an uncursed ring of magical power
 G - the amulet "Taaxin" (around neck) {+Blink rN+ MR+ Regen+ Slay+5}
   (You found it on level 9 of the Dungeon)

   [amulet of regeneration]

   It affects your accuracy and damage with ranged weapons and melee attacks
   (+5).
   It protects you from negative energy.
   It affects your resistance to hostile enchantments.
   It lets you blink.
   It increases your rate of regeneration.
 I - the ring "Xothoor" (right hand) {rElec rPois MP-9 Int+4 Dex+3 Stlth+}
   (You found it on level 2 of the Shoals)

   [ring of dexterity]

   It affects your intelligence (+4).
   It affects your dexterity (+3).
   It insulates you from electricity.
   It protects you from poison.
   It affects your magic capacity (-9).
   It makes you more stealthy.
 U - an uncursed ring of resist corrosion
Wands
 q - a wand of scattershot (10)
 r - a wand of iceblast (33)
 H - a wand of paralysis (21)
 W - a wand of digging (11)
 Y - a wand of acid (17)
 Z - a wand of disintegration (33)
Scrolls
 a - 6 scrolls of magic mapping
 h - 2 scrolls of torment
 j - 2 scrolls of blinking
 l - 7 scrolls of fear
 m - 6 scrolls of remove curse
 n - 28 scrolls of teleportation
 o - a scroll of enchant armour
 B - 24 scrolls of identify
 D - 4 scrolls of fog
 E - a scroll of brand weapon
 F - 8 scrolls of vulnerability
 S - 3 scrolls of holy word
Potions
 g - 14 potions of haste
 t - 7 potions of invisibility
 u - 15 potions of curing
 w - 3 potions of heal wounds
 x - 6 potions of brilliance
 z - 7 potions of agility
 A - 9 potions of might
 J - a potion of magic
 K - 4 potions of cancellation
 V - 5 potions of resistance
Books
 b - a manual of Maces & Flails
Comestibles
 c - 72 rations


   Skills:
 O Level 27 Fighting
 O Level 27 Axes
 + Level 23.3 Armour
 + Level 19.5 Dodging
 * Level 2.9 Stealth
 - Level 15.0 Shields
 - Level 11.0 Evocations


You had 25 spell levels left.
You didn't know any spells.
Your spell library was empty.

Dungeon Overview and Level Annotations

Branches:
Dungeon (15/15)            Temple (1/1) D:7            Lair (6/6) D:9
 Shoals (4/4) Lair:2       Spider (4/4) Lair:3        Slime (0/5) Lair:6
    Orc (2/2) D:10            Elf (3/3) Orc:2        Vaults (5/5) D:14
  Crypt (0/3) Vaults:3     Depths (5/5) D:15            Zot (5/5) Depths:5
Ossuary (visited)         Volcano (visited)

Altars:
Ashenzari
Cheibriados
Dithmenos
Elyvilon
Fedhas
Gozag
Hepliaklqana
Kikubaaqudgha
Makhleb
Nemelex Xobeh
Okawaru
Qazlal
Ru
Sif Muna
Trog
Uskayaw
Vehumet
Wu Jian
Xom
Yredelemnul
Zin
The Shining One
Beogh
Jiyva

Shops:
D:12 *[   D:14 %   Orc:1 =   Orc:2 (!**   Elf:1 [   Elf:2 ?[*   Shoals:2 [
Shoals:4 *   Vaults:1 ?([   Vaults:4 *   Depths:1 =}=

Portals:
Hell: Depths:1 Depths:2 Depths:3 Depths:4 Depths:5
Abyss: Depths:1 Depths:4
Pandemonium: Depths:3 Depths:4
Ziggurat: Depths:4

Annotations:
D:5 1 runed translucent door, Crazy Yiuf
D:14 1 runed translucent door
Lair:2 exclusion: oklob plant
Lair:6 1 runed translucent door
Spider:1 1 runed translucent door, Thomus's ghost, journeyman MiBe
Zot:5 1 exclusion


Innate Abilities, Weirdness & Mutations

You reflexively headbutt those who attack you in melee.
You have a pair of horns on your head.
You are frail. (-10% HP)
You are somewhat resistant to further mutation.


Message History

The orb of fire emits a lurid red light.
Strange energies course through your body.
You feel odd for a moment.
Your troll bites the orb of fire but does no damage.
Your troll claws the orb of fire but does no damage.
Your troll barely misses the orb of fire.
Your troll misses the orb of fire.
Your troll completely misses the orb of fire. x2
The orb of fire glows bright magenta.
The fireball explodes!
The fireball engulfs you!! You resist.
* * * LOW HITPOINT WARNING * * *
The orb of fire emits a lurid red light.
The fireball explodes!
The fireball engulfs you!! You resist.
* * * LOW HITPOINT WARNING * * *
Your troll closely misses the orb of fire.
Your troll barely misses the orb of fire.
Your troll claws the orb of fire but does no damage.
The orb of fire glows yellow.
The fireball explodes!
The fireball engulfs you!! You resist.
You die...

** *,,,,,,,,,,,,,,,,,,,,,,,,*
**,,,,,,,,,,,,,,,....,,,**
***,,,,,,,,,,,,...^..,**
****,,,,,,,,,......**
#▓▓▓▓▓▓▓▓▓▓▓##....^▓▓
###...................##
##....##................##
###...###......^...........##
.....###........@...........#
....## #....................#
....# #.....^......*T......#
...## #.........(..*T*.....#
...# #..........^.........#
...## #....................#
....# ##...^..^...........##
....#* ##................##
.....# ##..............##


You could see 3 orbs of fire, a friendly iron troll (berserk) and a friendly
troll (berserk).

Vanquished Creatures
  4 ancient liches
  An orb of fire (Zot:5)
  Mara (Vaults:2)
  Mennas (Vaults:2)
  Sojobo (Depths:2)
  The ghost of quaternion the Impregnable, a veteran MiFi of Makhleb (Vaults:3)
  Bai Suzhen (Elf:3)
  A Killer Klown (Zot:5)
  5 caustic shrikes
  8 golden dragons
  Nikola (Elf:3)
  9 liches
  8 Orb Guardians (Zot:5)
  7 tentacled monstrosities
  Asterion (Vaults:2)
  5 quicksilver dragons
  2 titans (Vaults:5)
  2 deep elf blademasters
  Gastronok (Lair:2)
  Polyphemus (Shoals:4)
  An ancient champion (Vaults:3)
  Agnes (D:14)
  9 storm dragons
  3 sphinxes
  A death cob (Zot:4)
  Kirke (Shoals:3)
  7 tengu reavers
  10 shadow dragons
  The ghost of TreeFish the Martial Artist, an adept HuTm of Wu Jian (D:14)
  10 fire giants
  Aizul (Spider:4)
  2 draconian knights
  6 deep elf sorcerers
  Louise (Depths:1)
  An orc warlord (Depths:3)
  6 emperor scorpions (Spider:4)
  10 ghost moths
  10 vault wardens
  2 draconian shifters (Zot:4)
  2 iron dragons (Vaults:5)
  3 draconian stormcallers
  11 frost giants
  A draconian scorcher (Zot:4)
  2 spriggan defenders
  10 ironheart preservers
  7 deep elf elementalists
  A ghoul (Vaults:3)
  3 war gargoyles (Vaults:5)
  19 very ugly things
  13 stone giants
  6 draconian annihilators
  5 deep elf demonologists
  3 entropy weavers
  5 vampire knights
  8 deep elf annihilators
  Nessos (Lair:4)
  2 green draconians (Zot:4)
  5 yellow draconians
  2 black draconians (Depths:5)
  6 spark wasps
  5 purple draconians
  3 red draconians
  3 white draconians
  A minotaur (Depths:3)
  A merfolk javelineer (Shoals:2)
  14 deep elf death magi
  17 ettins
  7 fire dragons
  5 merfolk impalers
  Josephine (Orc:1)
  Snorg (D:11)
  7 deep elf high priests
  8 great orbs of eyes
  18 yaktaur captains
  Fannar (D:10)
  6 rakshasas
  2 hell beasts
  30 vault guards
  7 ice dragons
  5 spriggan air magi
  A merfolk avatar (Shoals:4)
  A catoblepas (shapeshifter) (Depths:2)
  2 naga warriors (Depths:3)
  3 catoblepae
  An anaconda (shapeshifter) (Depths:4)
  11 hydras
  32 dancing weapons
  5 centaur warriors
  5 merfolk aquamancers (Shoals:4)
  3 alligator snapping turtles
  5 deep troll shamans
  A death knight (Vaults:4)
  6 tengu warriors
  Erica (D:11)
  3 death yaks
  15 ogre magi
  7 deep troll earth magi
  2 vampire magi
  45 two-headed ogres
  4 spriggan berserkers
  Urug (Orc:2)
  24 deep elf knights
  2 sun demons
  An orc high priest (Depths:3)
  3 shadow wraiths
  7 salamander mystics
  A small abomination (Elf:3)
  6 hell knights
  2 iron trolls
  2 unseen horrors
  A death drake (shapeshifter) (Depths:2)
  2 skeletal warriors (D:14)
  A swamp dragon (shapeshifter) (Depths:3)
  A large abomination (Elf:3)
  30 deep trolls
  An unseen horror (shapeshifter) (Vaults:1)
  A gelid demonspawn (Depths:3)
  7 sea snakes
  An infernal demonspawn (Depths:3)
  5 flayed ghosts
  9 wizards
  3 glowing orange brains
  A lindwurm (Lair:6)
  17 deep elf archers
  11 phantasmal warriors
  A lindwurm (shapeshifter) (Vaults:5)
  15 ironbrand convokers
  6 necromancers
  18 orc knights
  A wolf spider (shapeshifter) (Elf:2)
  14 orb spiders
  5 orc sorcerers
  41 wolf spiders
  4 harpies
  A harpy (shapeshifter) (Vaults:1)
  24 ugly things
  9 manticores
  2 oklob plants (Shoals:2)
  71 deep elf magi
  4 fauns (Shoals:2)
  A salamander (shapeshifter) (Vaults:1)
  10 cyclopes
  3 salamanders (Depths:5)
  A tengu skeleton (Vaults:3)
  5 merfolk sirens
  12 moths of wrath
  5 toenail golems (Volcano)
  A manticore (shapeshifter) (D:14)
  2 black mambas
  Joseph (D:10)
  11 elephants
  A naga mage (Depths:3)
  A torpor snail (shapeshifter) (Depths:4)
  Psyche (D:8)
  A torpor snail (Spider:3)
  11 vault sentinels
  7 water nymphs
  3 guardian serpents (Depths:3)
  A gargoyle (D:14)
  A spriggan zombie (Depths:2)
  5 spiny frogs
  7 komodo dragons
  2 elf zombies
  An efreet (D:14)
  2 kobold demonologists
  3 human zombies
  5 centaur skeletons
  46 yaktaurs
  16 demonic crawlers
  9 freezing wraiths
  11 rime drakes
  A spriggan skeleton (Depths:2)
  A red devil (Depths:3)
  A yaktaur skeleton (Vaults:1)
  2 tengu conjurers
  A troll (shapeshifter) (Depths:3)
  9 trolls
  26 jumping spiders
  3 meliai (D:14)
  A merfolk (shapeshifter) (Vaults:4)
  A polar bear (Lair:6)
  23 merfolk
  4 wind drakes
  10 hornets
  A sphinx simulacrum (Vaults:2)
  2 meliai zombies (D:12)
  Prince Ribbit (D:6)
  2 blink frogs (shapeshifter)
  63 slime creatures
  24 blink frogs
  11 snapping turtles
  An ettin zombie (Vaults:2)
  14 dream sheep
  24 hippogriffs
  A fire giant simulacrum (Vaults:2)
  4 air elementals
  A centaur simulacrum (D:14)
  58 redbacks
  10 spriggans
  6 wraiths
  2 shadows
  A spriggan (shapeshifter) (D:15)
  19 water elementals
  39 tarantellas
  10 wyverns
  36 yaks
  A yak (shapeshifter) (Vaults:5)
  4 vampires
  A human (D:11)
  A ynoxinul (Depths:3)
  12 basilisks
  2 fire elementals
  9 hogs
  4 fire bats (Depths:2)
  A golden eye (shapeshifter) (Vaults:1)
  2 elf skeletons (Depths:2)
  A basilisk (shapeshifter) (Depths:4)
  Grum (D:11)
  A vampire mosquito (D:8)
  4 wargs
  A harpy simulacrum (D:14)
  A warg (shapeshifter) (Vaults:5)
  A soldier ant (shapeshifter) (Depths:3)
  4 acid dragons
  19 water moccasins
  A floating eye (Depths:4)
  2 hell hounds (D:15)
  14 porcupines
  An acid dragon (shapeshifter) (Depths:3)
  An ogre skeleton (Vaults:1)
  5 ice beasts
  53 ogres
  5 phantoms
  A black bear (shapeshifter) (Depths:2)
  2 black bears (Lair:6)
  3 eyes of draining
  29 orc warriors
  7 sky beasts
  A necrophage (D:12)
  An eye of draining (shapeshifter) (Depths:2)
  5 boggarts
  17 centaurs
  18 wolves
  10 crocodiles
  A crocodile (shapeshifter) (Vaults:4)
  5 big kobolds
  11 bullfrogs
  4 earth elementals
  A gnoll sergeant (D:9)
  A wyvern skeleton (D:14)
  4 water moccasin zombies (Ossuary)
  4 scorpions
  2 water moccasin skeletons
  A human simulacrum (Vaults:3)
  An elf simulacrum (Vaults:1)
  3 killer bees (D:13)
  16 wights
  3 howler monkeys (D:9)
  5 crimson imps
  A centaur zombie (D:5)
  6 jellies
  5 quasits
  16 orc priests
  6 hounds
  3 iron imps
  22 orc wizards
  6 iguanas
  9 worker ants
  5 big kobold zombies (Ossuary)
  2 hound zombies
  A hound skeleton (D:9)
  A howler monkey zombie (D:9)
  3 mummies
  4 gnolls (D:9)
  7 adders
  An adder (shapeshifter) (Depths:4)
  2 shadow imps
  3 white imps
  2 ufetubi
  An ooze (D:1)
  5 adder zombies
  3 adder skeletons
  5 worms
  3 dart slugs
  10 leopard geckos
  82 orcs
  5 giant cockroaches
  4 gnoll zombies (Ossuary)
  9 goblins
  15 hobgoblins
  21 jackals
  17 kobolds
  2 quokkas
  7 ball pythons
  A ball python skeleton (D:4)
  3 bats
  4 frilled lizards
  3 hobgoblin zombies
  A jackal skeleton (D:4)
  3 kobold zombies
  6 orc zombies (Ossuary)
  A quokka zombie (D:7)
  5 rats
  A crawling corpse (Elf:3)
  2 fungi (Lair:6)
  10 plants
2151 creatures vanquished.

Vanquished Creatures (collateral kills)
  A golden dragon (Vaults:5)
  A tentacled monstrosity (Vaults:5)
  An electric golem (Zot:5)
  Jorgrun (D:10)
  3 titans (Vaults:5)
  A quicksilver dragon (Depths:4)
  A large abomination (Vaults:5)
  A tengu reaver (Depths:4)
  A frost giant (Shoals:4)
  An emperor scorpion (Spider:4)
  2 ironheart preservers (Vaults:5)
  3 stone giants (Vaults:5)
  A spark wasp (Depths:4)
  2 ettins
  4 merfolk impalers (Shoals:4)
  3 vault guards (Vaults:5)
  A hydra (Lair:5)
  An ice dragon (Vaults:5)
  A centaur warrior (D:14)
  A deep troll shaman (Lair:6)
  A tengu warrior (Depths:4)
  3 death yaks (Lair:6)
  A skeletal warrior (D:14)
  4 deep trolls (Vaults:2)
  A lindwurm (Lair:6)
  3 orb spiders (Spider:4)
  3 wolf spiders (Spider:4)
  A deep elf mage (Vaults:5)
  A spiny frog (Lair:5)
  A demonic crawler (Spider:3)
  A merfolk (Shoals:4)
  A hornet (Spider:4)
  A hippogriff (Shoals:4)
  5 redbacks
58 creatures vanquished.

Vanquished Creatures (others)
  A deep elf master archer (Elf:3)
  A frost giant (Vaults:5)
  A fire giant (Depths:3)
  2 green draconians (Zot:4)
  A yaktaur captain (Vaults:4)
  A merfolk aquamancer (Shoals:4)
  2 deep elf archers
  A cyclops (Vaults:1)
  2 deep elf magi
  8 yaktaurs
  A jumping spider (Spider:1)
  A fire bat (shapeshifter) (Vaults:5)
  A sky beast (shapeshifter) (Depths:4)
  16 fungi
  8 plants
  A withered plant (D:15)
48 creatures vanquished.

Grand Total: 2257 creatures vanquished

Notes
Turn   | Place    | Note
-------+----------+-------------------------------------------
     0 | D:1      | Skodnik20 the Minotaur Berserker began the quest for the
                  | Orb.
     0 | D:1      | Reached XP level 1. HP: 19/19 MP: 0/0
   201 | D:1      | Reached XP level 2. HP: 27/27 MP: 1/1
   597 | D:1      | Reached XP level 3. HP: 33/33 MP: 2/2
   660 | D:1      | Reached ** piety under Trog
  1030 | D:2      | Found a hazy altar of Hepliaklqana.
  1032 | D:2      | Found a hide-covered altar of Uskayaw.
  2015 | D:3      | Reached XP level 4. HP: 39/41 MP: 3/3
  2111 | D:3      | Found a faded altar of an unknown god.
  2363 | D:3      | Found an ancient bone altar of Kikubaaqudgha.
  2678 | D:3      | Reached skill level 5 in Fighting
  2678 | D:3      | Reached skill level 5 in Axes
  2678 | D:3      | Reached XP level 5. HP: 48/48 MP: 4/4
  2708 | D:3      | Found a burning altar of Makhleb.
  2857 | D:4      | Reached *** piety under Trog
  3387 | D:4      | Reached XP level 6. HP: 56/56 MP: 5/5
  3879 | D:5      | Entered Level 5 of the Dungeon
  3905 | D:5      | Reached skill level 5 in Armour
  3990 | D:5      | Found a sand-covered staircase.
  4003 | Ossuary  | Entered an ossuary
  4240 | Ossuary  | Reached XP level 7. HP: 50/64 MP: 6/6
  4334 | Ossuary  | Reached **** piety under Trog
  5271 | D:5      | Reached XP level 8. HP: 73/73 MP: 7/7
  5281 | D:5      | Found a runed translucent door.
  5282 | D:5      | Noticed Crazy Yiuf
  6174 | D:6      | Noticed Prince Ribbit
  6189 | D:6      | Killed Prince Ribbit
  7197 | D:7      | Reached skill level 1 in Evocations
  7340 | D:7      | Found an ornate altar of the Wu Jian Council.
  7518 | D:7      | Found a staircase to the Ecumenical Temple.
  7839 | D:7      | Found a sparkling altar of Nemelex Xobeh.
  7928 | Temple   | Entered the Ecumenical Temple
  8145 | D:8      | Reached XP level 9. HP: 82/82 MP: 9/9
  8243 | D:8      | Reached skill level 1 in Shields
  8411 | D:8      | Found a transporter.
  8534 | D:8      | Noticed a manticore
  8540 | D:8      | Found a transporter.
  8703 | D:8      | Found an iron altar of Okawaru.
  9032 | D:9      | Found a snail-covered altar of Cheibriados.
  9043 | D:9      | Reached ***** piety under Trog
  9063 | D:9      | Found a sacrificial altar of Ru.
  9063 | D:9      | Noticed a troll
  9078 | D:9      | Killed a troll
  9084 | D:9      | Reached skill level 5 in Shields
  9100 | D:9      | Received a gift from Trog
  9100 | D:9      | Reached skill level 10 in Armour
  9391 | D:9      | Found a stormy altar of Qazlal.
  9456 | D:9      | Noticed Psyche
  9546 | D:8      | Killed Psyche
  9546 | D:8      | Reached XP level 10. HP: 62/91 MP: 11/11
  9803 | D:9      | Found a white marble altar of Elyvilon.
  9995 | D:9      | Got a heavily runed iron amulet
 10007 | D:9      | Found a staircase to the Lair.
 10024 | D:9      | Identified the amulet "Taaxin" {+Blink rN+ MR+ Regen+
                  | Slay+5} (You found it on level 9 of the Dungeon)
 10410 | D:10     | Entered Level 10 of the Dungeon
 10494 | D:10     | Found a staircase to the Orcish Mines.
 10500 | D:10     | Noticed Fannar
 10505 | D:10     | Received a gift from Trog
 10520 | D:10     | Killed Fannar
 10608 | D:10     | Noticed a manticore
 10621 | D:10     | Killed a manticore
 10749 | D:10     | Noticed a two-headed ogre
 10755 | D:10     | Killed a two-headed ogre
 10755 | D:10     | Reached skill level 10 in Shields
 10755 | D:10     | Reached XP level 11. HP: 70/97 MP: 13/13
 10849 | D:10     | Noticed Joseph
 10867 | D:10     | Killed Joseph
 11058 | D:11     | Noticed Grum
 11097 | D:11     | Killed Grum
 11185 | D:11     | Noticed a brown ugly thing
 11196 | D:11     | Killed a brown ugly thing
 11266 | D:11     | Noticed Snorg
 11277 | D:11     | Killed Snorg
 11309 | D:11     | Noticed Erica
 11472 | D:11     | Killed Erica
 11917 | D:12     | Received a gift from Trog
 12036 | D:12     | Killed an unseen horror
 12211 | D:12     | Found Gudue's Armour Shoppe.
 12223 | D:12     | Bought the +2 hat of the Bear Spirit {Spirit, +Rage rN+
                  | MR++} for 703 gold pieces
 12223 | D:12     | Found the +2 hat of the Bear Spirit {Spirit, +Rage rN+
                  | MR++}
 12430 | D:12     | Found Yhoquf's Assorted Antiques.
 12670 | Lair:1   | Entered Level 1 of the Lair of Beasts
 12683 | Lair:1   | Reached XP level 12. HP: 66/104 MP: 9/14
 12868 | Lair:1   | Got a heavily runed buckler
 12878 | Lair:1   | Identified the cursed +0 buckler of Pandemonium {Str+2}
                  | (You found it on level 1 of the Lair of Beasts)
 12992 | Lair:1   | Noticed an eight-headed hydra
 12999 | Lair:1   | Killed a five-headed hydra
 13302 | Lair:1   | Noticed a seven-headed hydra
 13306 | Lair:1   | Killed a five-headed hydra
 13637 | Lair:2   | Found a staircase to the Shoals.
 13666 | Lair:2   | Found a dark tunnel.
 13677 | Volcano  | Entered a volcano
 13694 | Volcano  | Received a gift from Trog
 13758 | Volcano  | Reached skill level 15 in Shields
 13774 | Volcano  | Reached skill level 10 in Axes
 14159 | Lair:2   | Noticed Gastronok
 14159 | Lair:2   | Noticed a four-headed hydra
 14201 | Lair:2   | Noticed an eight-headed hydra
 14208 | Lair:2   | Killed a five-headed hydra
 14208 | Lair:2   | Reached skill level 10 in Fighting
 14208 | Lair:2   | Reached XP level 13. HP: 107/113 MP: 15/15
 14338 | Lair:2   | Got a faintly glowing fustibalus
 14740 | Lair:3   | Found a hole to the Spider Nest.
 14925 | Lair:3   | Reached skill level 5 in Evocations
 15817 | Lair:4   | Reached skill level 15 in Armour
 15846 | Lair:4   | Noticed Nessos
 15859 | Lair:4   | Killed Nessos
 16908 | Lair:5   | Received a gift from Trog
 17486 | Lair:2   | Killed Gastronok
 18713 | D:14     | Reached XP level 14. HP: 92/126 MP: 13/16
 18799 | D:14     | Found a viscous altar of Jiyva.
 18804 | D:14     | Found Beovvi's Food Shop.
 18880 | D:14     | Found a gate to the Vaults.
 19119 | D:14     | Reached skill level 15 in Axes
 19195 | D:14     | Noticed Agnes
 19202 | D:14     | Killed Agnes
 19232 | D:14     | Noticed a lich
 19232 | D:14     | Noticed TreeFish's ghost (adept HuTm)
 19510 | D:14     | Received a gift from Trog
 19638 | D:14     | Found a runed translucent door.
 19657 | D:14     | Found a runed translucent door.
 19891 | D:14     | Got a slimy ring mail
 19892 | D:14     | Identified the +4 ring mail "Atuofuff" {Int+4} (You found
                  | it on level 14 of the Dungeon)
 20031 | Orc:1    | Entered Level 1 of the Orcish Mines
 20031 | Orc:1    | Found an iron altar of Okawaru.
 20042 | Orc:1    | Noticed Jorgrun
 20061 | D:10     | Killed Jorgrun
 20183 | Orc:1    | Noticed Josephine
 20205 | Orc:1    | Killed Josephine
 20442 | Orc:1    | Found Mokhlasta's Jewellery Shop.
 20675 | Orc:2    | Entered Level 2 of the Orcish Mines
 20680 | Orc:2    | Noticed Urug
 20806 | Orc:2    | Received a gift from Trog
 20829 | Orc:2    | Killed Urug
 20875 | Orc:2    | Reached XP level 15. HP: 93/137 MP: 10/17
 20893 | Orc:2    | Reached ****** piety under Trog
 20893 | Orc:2    | Received a gift from Trog
 21090 | Orc:2    | Found a staircase to the Elven Halls.
 21148 | Orc:2    | Found Feestoyl's Distillery.
 21148 | Orc:2    | Found Awu Caus's Weapon Boutique.
 21149 | Orc:2    | Found Goff's Assorted Antiques.
 21149 | Orc:2    | Found Paupuumu's General Store.
 21182 | Orc:2    | Found a roughly hewn altar of Beogh.
 21507 | Orc:1    | Bought an uncursed ring of poison resistance for 280 gold
                  | pieces
 21633 | Spider:1 | Entered Level 1 of the Spider Nest
 22003 | Spider:1 | Found a runed translucent door.
 22004 | Spider:1 | Found a shimmering altar of Xom.
 22004 | Spider:1 | Noticed Thomus's ghost (journeyman MiBe)
 22278 | Spider:1 | Reached skill level 5 in Dodging
 22360 | Spider:1 | Received a gift from Trog
 23524 | Spider:2 | Found the +2 cloak of the Thief {+Fog Slay-2 SInv Stlth+}
 23867 | Spider:3 | Noticed a ghost moth
 23876 | Spider:3 | Killed a ghost moth
 24099 | Spider:3 | Reached skill level 10 in Dodging
 24470 | Spider:3 | Noticed a ghost moth
 24483 | Spider:3 | Reached XP level 16. HP: 147/147 MP: 0/19
 24492 | Spider:3 | Received a gift from Trog
 25145 | Lair:6   | Entered Level 6 of the Lair of Beasts
 26201 | Lair:6   | Found a runed translucent door.
 26202 | Lair:6   | Found a viscous altar of Jiyva.
 26203 | Lair:6   | Found a staircase to the Slime Pits.
 26509 | D:8      | Identified a +2 pair of boots of running (You found it on
                  | level 8 of the Dungeon)
 26691 | D:14     | Received a gift from Trog
 26717 | D:14     | Killed a lich
 26727 | D:14     | Got an ancient broad axe {god gift}
 26727 | D:14     | Identified the +7 broad axe of the Unliving {chop, +Blink
                  | rF+ Int+2} (Trog gifted it to you on level 14 of the
                  | Dungeon)
 26737 | D:14     | Killed TreeFish's ghost
 26845 | D:14     | Got a wavering turquoise ring
 26851 | D:14     | Got a pair of ancient boots
 26861 | D:14     | Identified the -6 pair of boots of the Pits of Slime {rElec
                  | rF- rCorr Str+3 Stlth+} (You found it on level 14 of the
                  | Dungeon)
 26873 | D:14     | Identified the ring of Fissu {Ice *Contam rPois MP+9 Str+2}
                  | (You found it on level 14 of the Dungeon)
 26912 | D:14     | Gained mutation: You are somewhat resistant to further
                  | mutation. [mutagenic glow]
 27100 | Spider:4 | Entered Level 4 of the Spider Nest
 27131 | Spider:4 | Noticed Aizul
 27181 | Spider:4 | Killed Aizul
 27685 | Spider:4 | Received a gift from Trog
 27864 | Spider:4 | Reached XP level 17. HP: 136/154 MP: 19/22
 28306 | Spider:4 | Reached skill level 15 in Dodging
 28539 | Spider:4 | Received a gift from Trog
 28805 | Spider:4 | Got a gossamer rune of Zot
 28913 | Spider:4 | Reached skill level 15 in Fighting
 29173 | Lair:2   | Found a staircase to the Shoals.
 29455 | Shoals:1 | Entered Level 1 of the Shoals
 30219 | Shoals:2 | Noticed a kraken
 30705 | Shoals:2 | Found Heytaij's Armour Shop.
 30752 | Shoals:2 | Bought a +2 plate armour of magic resistance for 760 gold
                  | pieces
 31038 | Shoals:2 | Got a steaming steel ring
 31040 | Shoals:2 | Identified the ring "Xothoor" {rElec rPois MP-9 Int+4 Dex+3
                  | Stlth+} (You found it on level 2 of the Shoals)
 31336 | Shoals:3 | Noticed Kirke
 31351 | Shoals:3 | Killed Kirke
 31848 | Shoals:4 | Entered Level 4 of the Shoals
 31906 | Shoals:4 | Noticed Polyphemus
 32240 | Shoals:4 | Received a gift from Trog
 32258 | Shoals:4 | Killed Polyphemus
 32588 | Shoals:4 | Reached XP level 18. HP: 121/168 MP: 11/23
 32921 | Shoals:4 | Got a polished chain mail
 33226 | Shoals:4 | Found Sixtakk's Assorted Antiques.
 33249 | Shoals:4 | Received a gift from Trog
 33362 | Shoals:4 | Got a barnacled rune of Zot
 33363 | Shoals:4 | Identified the +4 chain mail of the Unseen Realm {rPois rC+
                  | MP-9} (You found it on level 4 of the Shoals)
 33463 | Shoals:2 | Bought a +1 shield of reflection for 256 gold pieces
 33717 | D:15     | Entered Level 15 of the Dungeon
 33777 | D:15     | Found a staircase to the Depths.
 34686 | Elf:1    | Entered Level 1 of the Elven Halls
 34860 | Elf:1    | Received a gift from Trog
 35057 | Elf:1    | Found a magical portal.
 35097 | Elf:1    | Found Deh Asejah's Armour Shoppe.
 35899 | Elf:1    | Identified a scroll of acquirement
 35984 | Elf:2    | Found Aciniuss's Assorted Antiques.
 36023 | Elf:2    | Found Nemp's Armour Emporium.
 36070 | Elf:2    | Reached skill level 10 in Evocations
 36109 | Elf:2    | Found Fivor's Magic Scroll Emporium.
 36208 | Elf:2    | Received a gift from Trog
 36307 | Elf:2    | Found a runed translucent gate.
 36307 | Elf:2    | Found a runed translucent gate.
 36308 | Elf:2    | Found a runed translucent gate.
 36640 | Elf:2    | Reached XP level 19. HP: 161/179 MP: 16/25
 37147 | Elf:3    | Entered Level 3 of the Elven Halls
 37257 | Elf:3    | Noticed Nikola
 37277 | Elf:3    | Killed Nikola
 37277 | Elf:3    | Received a gift from Trog
 37533 | Elf:3    | Noticed Bai Suzhen
 37549 | Elf:3    | Killed Bai Suzhen
 37731 | Elf:3    | Received a gift from Trog
 37755 | Elf:3    | Identified the +12 mace of Ehompac {venom, +Rage}
 37905 | Elf:3    | Identified the cursed +1 dire flail of Breach {freeze, rN+
                  | Str+4}
 38001 | Elf:3    | Identified the +7 quarterstaff "Nuguc" {drain, rF+ MR-
                  | MP+9}
 38623 | Vaults:1 | Entered Level 1 of the Vaults
 38675 | Depths:1 | Entered Level 1 of the Depths
 38709 | Depths:1 | Reached XP level 20. HP: 153/191 MP: 14/27
 39070 | Depths:1 | Received a gift from Trog
 39091 | Depths:1 | Found Yschylay's Jewellery Boutique.
 39091 | Depths:1 | Found Gihiezed's Gadget Emporium.
 39092 | Depths:1 | Found Sefy's Jewellery Boutique.
 39459 | Depths:1 | Found a gateway to Hell.
 39618 | Depths:1 | Found a one-way gate to the infinite horrors of the Abyss.
 39620 | Depths:1 | Noticed Louise
 39645 | Depths:1 | Killed Louise
 40112 | Depths:2 | Noticed Sojobo
 40128 | Depths:2 | Killed Sojobo
 40191 | Depths:2 | Received a gift from Trog
 40337 | Depths:2 | Received a gift from Trog
 40683 | Depths:2 | Got a pair of polished gloves
 40693 | Depths:2 | Identified the cursed -1 pair of gloves "Akkunlela" {rN+}
                  | (You found it on level 2 of the Depths)
 41373 | Depths:3 | Found a one-way gate leading to the halls of Pandemonium.
 41476 | Depths:3 | Received a gift from Trog
 41526 | Depths:3 | Reached XP level 21. HP: 144/200 MP: 14/28
 41717 | Depths:3 | Received a gift from Trog
 42109 | Depths:3 | Identified the +4 ring mail of Calculation {rElec} (You
                  | found it on level 3 of the Depths)
 42425 | Depths:3 | Received a gift from Trog
 42616 | Depths:3 | Received a gift from Trog
 43013 | Depths:4 | Found a gateway to a ziggurat.
 43524 | Depths:4 | Noticed a golden dragon
 43524 | Depths:4 | Noticed a golden dragon
 43524 | Depths:4 | Noticed a caustic shrike
 43744 | Depths:3 | HP: 2/203 [lich/iron shot (48)]
 43974 | Depths:4 | Killed a golden dragon
 44321 | Elf:2    | Bought a scroll of enchant armour for 127 gold pieces
 44321 | Elf:2    | Bought a scroll of enchant armour for 127 gold pieces
 44321 | Elf:2    | Bought a scroll of enchant armour for 127 gold pieces
 44321 | Elf:2    | Bought a scroll of enchant armour for 127 gold pieces
 44673 | Depths:4 | Killed a golden dragon
 44684 | Depths:4 | Noticed a golden dragon
 44685 | Depths:4 | Received a gift from Trog
 44686 | Depths:4 | Identified the +7 short sword of Infinite Pain {freeze,
                  | rElec MR+++ Str-3 Dex-4}
 44688 | Depths:4 | Noticed a golden dragon
 44692 | Depths:4 | Killed a caustic shrike
 44692 | Depths:4 | Reached XP level 22. HP: 116/215 MP: 9/29
 44991 | Depths:3 | Killed a golden dragon
 45057 | Depths:4 | Killed a golden dragon
 45293 | Depths:4 | Found the +7 great mace "Undeadhunter" {disrupt, rN+}
 45960 | Depths:5 | Entered Level 5 of the Depths
 46377 | Depths:5 | Found a gate to the Realm of Zot.
 46633 | Depths:5 | Received a gift from Trog
 46772 | Depths:5 | Noticed a caustic shrike
 46772 | Depths:5 | Noticed a caustic shrike
 46772 | Depths:5 | Noticed a caustic shrike
 46773 | Depths:5 | Noticed a caustic shrike
 46786 | Depths:5 | Killed a caustic shrike
 46793 | Depths:5 | Killed a caustic shrike
 46801 | Depths:5 | Killed a caustic shrike
 46806 | Depths:5 | Killed a caustic shrike
 47361 | Vaults:1 | Found Bat Teaf's Magic Scroll Boutique.
 47424 | Vaults:1 | Reached XP level 23. HP: 226/226 MP: 21/30
 47778 | Vaults:1 | Found the +7 lajatang of Order {silver, rMut}
 47830 | Vaults:1 | Found Zegem's Armour Shop.
 47998 | Vaults:1 | Found Nups's Weapon Emporium.
 48103 | Vaults:1 | Received a gift from Trog
 48496 | Vaults:2 | Noticed Mennas
 48520 | Vaults:2 | Received a gift from Trog
 48549 | Vaults:2 | Killed Mennas
 48907 | Vaults:2 | Noticed Mara
 48917 | Vaults:2 | Noticed Skodnik20's illusion
 48917 | Vaults:2 | Killed Mara
 49115 | Vaults:2 | Noticed Asterion
 49146 | Vaults:2 | Killed Asterion
 49338 | Vaults:2 | Received a gift from Trog
 50179 | Vaults:3 | Found a large runed translucent door.
 50179 | Vaults:3 | Found a large runed translucent door.
 50179 | Vaults:3 | Noticed quaternion's ghost (veteran MiFi)
 50517 | Vaults:3 | Received a gift from Trog
 50521 | Vaults:3 | Found a staircase to the Crypt.
 50918 | Vaults:3 | Reached XP level 24. HP: 238/238 MP: 21/30
 51425 | Vaults:3 | Killed quaternion's ghost
 52302 | Vaults:4 | Found Muthofuom's Assorted Antiques.
 52793 | Vaults:4 | Received a gift from Trog
 53225 | Vaults:5 | Entered Level 5 of the Vaults
 53265 | Vaults:5 | Identified the +7 long sword of the Nexus {drain, rElec
                  | MR+++ Dex-5 SInv}
 53282 | Vaults:5 | HP: 11/240 [titan/the air (35)]
 53314 | Vaults:5 | HP: 10/240 [titan/the air (22)]
 53592 | Vaults:5 | Identified the +6 lajatang "Ollushuz" {protect, +Inv}
 53600 | Vaults:5 | Received a gift from Trog
 53681 | Vaults:5 | Identified the +5 hand axe of Invincibility {chop, Int+3}
 53896 | Vaults:5 | Noticed an ancient lich
 53914 | Vaults:5 | Killed an ancient lich
 54194 | Vaults:5 | Identified the +1 dagger "Diotomemi" {pain, rN+++ MR- Int+7
                  | SInv}
 54202 | Vaults:5 | Reached XP level 25. HP: 231/250 MP: 19/30
 54208 | Vaults:5 | Received a gift from Trog
 54227 | Vaults:5 | Identified the cursed +1 flail of Heockiyc {freeze, Str+6
                  | Dex+2 Stlth-}
 54274 | Vaults:5 | Noticed an ancient lich
 54285 | Vaults:5 | Killed an ancient lich
 54479 | Vaults:5 | Identified the Incunabulum of the Mind
 54734 | Vaults:5 | Got a silver rune of Zot
 55902 | Vaults:1 | Bought a scroll of enchant armour for 75 gold pieces
 56072 | Zot:1    | Entered Level 1 of the Realm of Zot
 56451 | Zot:4    | Received a gift from Trog
 56641 | Zot:5    | Entered Level 5 of the Realm of Zot
 56649 | Zot:5    | Received a gift from Trog
 57224 | Zot:5    | Reached skill level 27 in Axes
 57291 | Zot:5    | Noticed an ancient lich
 57293 | Zot:5    | Noticed an ancient lich
 57309 | Zot:5    | Killed an ancient lich
 57312 | Zot:5    | Killed an ancient lich
 57312 | Zot:5    | Reached XP level 26. HP: 213/264 MP: 18/30
 57348 | Zot:5    | Noticed an orb of fire
 57359 | Zot:5    | Reached skill level 1 in Stealth
 57361 | Zot:5    | Noticed an orb of fire
 57363 | Zot:5    | Noticed an orb of fire
 57366 | Zot:5    | Gained mutation: You are frail. (-10% HP) [an orb of fire]
 57367 | Zot:5    | Killed an orb of fire
 57374 | Zot:5    | Noticed an orb of fire
 57380 | Zot:5    | Reached skill level 27 in Fighting
 57386 | Zot:5    | HP: 3/239 [orb of fire/fireball (23)]
 57386 | Zot:5    | Killed from afar by an orb of fire

Levels and vault maps discovered:
D:1:      dpeg_arrival_stone_temple_mockup, layout_loops_ring, corner_web_ring,
          chequers_serial_rivers_large_a, minivault_26, minmay_liquid_box
D:2:      layout_basic, grunt_temple_overflow_open
D:3:      layout_loops_cross, overflow_temple_1_default, lemuel_doored_altar,
          first_ration, chequers_ecumenical_altar_simple
D:4:      layout_basic
D:5:      layout_layer_cave, nicolae_ossuary_entry_giza, uniq_crazy_yiuf_cottage
D:6:      layout_basic, grunt_ministairs_5, uniq_prince_ribbit1
D:7:      layout_basic, nemelex_altar_shiori,
          minmay_temple_entry_enclosed_plants, basic_altar
D:8:      gammafunk_sealed_arena, layout_basic, kennysheep_mini
D:9:      layout_basic, old_standard_altar, old_standard_altar, slow_altar_1,
          dpeg_oklobed_lair, basic_altar, uniq_psyche
D:10:     layout_basic, orc_0_dummy, uniq_fannar, uniq_joseph
D:11:     layout_big_octagon, enter_bailey_8, grunt_livestock,
          kennysheep_generic_room_3, uniq_snorg, uniq_erica, uniq_grum
D:12:     layout_roguey, serial_shops, nicolae_shop_waterfront,
          nicolae_shop_crystal, kennysheep_potato
D:13:     layout_layer_cave
D:14:     layout_long_grid, lightli_vaults_fourway_checkpoint, serial_glass,
          glass_columns_a, glass_columns_c, muffindrake_ghost_dual_entry,
          serial_shops, nicolae_shop_temple_entry_statues_fountains,
          jiyva_altar_1, uniq_agnes
D:15:     hangedman_depths_entry_civil_slaughter, layout_cave_pools,
          special_room [special_room_mythical_zoo], minmay_parallelograms,
          argonaut_gorgonesque
Temple:   dshaligram_water_room_temple
Lair:1:   layout_regular_city
Lair:2:   layout_hall_layers, shoals_dummy_entry,
          lightli_volcano_entry_magma_tube, minmay_lair_oklob_chamber,
          uniq_gastronok
Lair:3:   layout_layer_cave, nicolae_spider_entry_non_spiders
Lair:4:   layout_layer_cave, infiniplex_staircase_pool, lemuel_fruit_fields,
          uniq_nessos
Lair:5:   layout_big_grid, fungi_pond_lemuel, wad_woods_01
Lair:6:   grunt_lair_end_beastmaster, layout_gridlike, slime_altar_2,
          special_room [special_room_mythical_zoo], serial_rivers,
          chequers_serial_rivers_small_a, chequers_serial_rivers_micro_c,
          chequers_serial_rivers_room_b, chequers_serial_rivers_micro_b,
          chequers_serial_rivers_small_a
Shoals:1: layout_shoals
Shoals:2: layout_shoals, serial_shops, shop, nicolae_shoals_this_corrosion
Shoals:3: layout_shoals, uniq_kirke
Shoals:4: shoals_end_grunt_ice, layout_shoals, serial_shops, shop_fountains,
          uniq_polyphemus
Spider:1: layout_spider_delve, ebering_ghost_xom, drop_trap
Spider:2: cheibrodos_spider_silkery, nicolae_orb_island
Spider:3: layout_spider_delve, spiders_nest_ghost_moth_duel
Spider:4: guppyfry_spider_rune, drop_trap, uniq_aizul
Orc:1:    layout_diamond_mine, serial_shops, nicolae_shop_crystal,
          okawaru_metal_pillars_1_2, uniq_jorgrun, uniq_josephine
Orc:2:    st_orc_ogre_mass, layout_caves, basic_altar, uniq_urug
Elf:1:    minmay_elf_arrival_summoners, layout_onion_city, mu_enter_wizlab_4,
          serial_shops, nicolae_shop_statue_plus,
          minmay_checkered_concentric_circles
Elf:2:    layout_geoelf_diagonals, serial_shops, shop, nicolae_shop_trees, shop
Elf:3:    minmay_elf_hall_not_hex, layout_loops_cross, uniq_bai_suzhen,
          uniq_nikola
Vaults:1: hangedman_vaults_capsules, v_misc_8, v_misc_26,
          nicolae_vaults_shelves_hall, st_more_cells, v_alt_pattern_2,
          v_rooms_5, ontoclasm_vaults_tryst, v_pattern_4,
          vaults_mumra_minichess, nicolae_vaults_gold_heap,
          layout_vaults_big_room, serial_shops, nicolae_shop_stone, shop, shop
Vaults:2: v_misc_30, ontoclasm_vaults_gateway, serial_ice_g, v_misc_29,
          v_misc_27, vaults_mumra_minichess_inversion,
          ontoclasm_vaults_decontamination, hangedman_vaults_nodes,
          nicolae_vaults_puzzle_piece, vaults_dpeg_spiral,
          vaults_dpeg_encased_lava, nicolae_vaults_shelves_hall,
          vaults_room_pool, ontoclasm_vaults_twist, layout_vaults_omnicross,
          uniq_mennas, uniq_mara, uniq_asterion
Vaults:3: ebering_vaults_ghost_disaster_area, grunt_vaults_hallway_long,
          vaults_room_semicircle, nicolae_vaults_network_quinsquares
          [nicolae_vaults_network_quincunx_subvault,
          nicolae_vaults_network_quincunx_subvault,
          nicolae_vaults_network_quincunx_subvault,
          nicolae_vaults_network_quincunx_subvault], v_misc_4,
          nicolae_vaults_little_squares_4, minmay_crypt_entry_simple_round,
          v_misc_27, ontoclasm_vaults_pinch, nicolae_vaults_ring_of_whatevers,
          nicolae_vaults_rhombus_5, layout_vaults_omnigrid
Vaults:4: hangedman_vaults_maws, v_misc_19, hangedman_vaults_pinch,
          grunt_vaults_bifocal, nicolae_vaults_three_branches,
          vaults_room_door_hall, v_alt_pattern_4, v_alt_pattern_6,
          hangedman_vaults_trim, ontoclasm_vaults_shuriken,
          nicolae_vaults_angled_halls, nicolae_vaults_diagonal_hallway_7,
          nicolae_vaults_little_squares_5, nicolae_vaults_bisected_slash,
          layout_vaults_ring, serial_shops, nicolae_shop_behind_doors
Vaults:5: serial_shops
Depths:1: layout_basic, grunt_hell_entry_dis_old, serial_sigils_hangedman_stare,
          nicolae_abyss_entry_one_way_or_another, skrybe_limestone_x,
          minislime_mu, minmay_shop_grove
Depths:2: kennysheep_big_flooded_room, layout_cave_pools,
          hangedman_abyss_or_decor_passed, pf_hell_entry_great_geh,
          kennysheep_generic_room_15, uniq_sojobo
Depths:3: hangedman_six_sided_sadism, layout_cave_shapes, hell_entry,
          hex_medium, grunt_pan_entry_spiral
Depths:4: minmay_the_grid_square_5x5_5x5_mashed
          [minmay_the_grid_square_5x5_eight_small,
          minmay_the_grid_square_5x5_longway,
          minmay_the_grid_square_5x5_minimal,
          minmay_the_grid_square_5x5_dogpile,
          minmay_the_grid_square_5x5_fancy_junction,
          minmay_the_grid_square_5x5_v,
          minmay_the_grid_square_5x5_prize_snowflake,
          minmay_the_grid_square_5x5_corner,
          minmay_the_grid_square_5x5_prize_waves,
          minmay_the_grid_square_5x5_plus,
          minmay_the_grid_square_5x5_intrusive_squares,
          minmay_the_grid_square_5x5_lines,
          minmay_the_grid_square_5x5_prize_pseudospiral,
          minmay_the_grid_square_5x5_doubleslash,
          minmay_the_grid_square_5x5_bridge,
          minmay_the_grid_square_5x5_tetrominoes,
          minmay_the_grid_square_5x5_prize_gold,
          minmay_the_grid_square_5x5_percent,
          minmay_the_grid_square_5x5_prize_rear_guard,
          minmay_the_grid_square_5x5_checkered_sparse,
          minmay_the_grid_square_5x5_spiral,
          minmay_the_grid_square_5x5_half_checkered,
          minmay_the_grid_square_5x5_forky,
          minmay_the_grid_square_5x5_broken_cross,
          minmay_the_grid_square_5x5_pentomino_r], layout_cave_pools,
          enter_ziggurat_f, hell_entry, rand_demon_pan_entry_3, abyss_entry,
          hangedman_abyss_or_decor_stagger
Depths:5: evilmike_zot_entry_diamond, layout_gridlike, serial_bayou_pond_c,
          grunt_mini_vestibule
Zot:1:    kennysheep_bubbly, layout_basic
Zot:2:    layout_concentric_octagons, hangedman_zot_wheel_spokes, st_stairs_8,
          lemuel_baited_zot_trap
Zot:3:    layout_cathedral_of_symmetry
Zot:4:    layout_onion_interference, grunt_megastairs_2
Zot:5:    layout_cathedral_of_symmetry

Skill      XL: |  1  2  3  4  5  6  7  8  9 10 11 12 13 14 15 16 17 18 19 20 21 22 23 24 25 26 |
---------------+-------------------------------------------------------------------------------+-----
Axes           | 4 5 6 7 8 9 10 14 17 18 19 21 22 25 27 | 27.0
Fighting       | 4 5 6 7 8 9 10 12 13 14 16 18 19 20 21 23 24 25 26 27 | 27.0
Armour         | 3 4 5 6 8 10 12 13 14 15 17 18 21 23 | 23.3
Evocations     | 2 3 4 5 8 9 10 11 | 11.0
Shields        | 6 10 13 15 | 15.0
Dodging        | 10 14 15 16 18 19 | 19.5
Stealth        | 2 |  2.9

Action                   |  1- 3 |  4- 6 |  7- 9 | 10-12 | 13-15 | 16-18 | 19-21 | 22-24 | 25-27 || total
-------------------------+-------+-------+-------+-------+-------+-------+-------+-------+-------++-------
Melee: Hand axe          |    94 |   235 |   304 |       |       |       |       |       |       ||   633
       Headbutt          |     8 |    49 |    99 |   127 |   228 |   326 |   370 |   453 |   163 ||  1823
       War axe           |       |       |    64 |   246 |       |       |       |       |       ||   310
       Broad axe         |       |       |       |   156 |   878 |  1391 |  1160 |  1434 |   418 ||  5437
       Scimitar          |       |       |       |     9 |    20 |     2 |       |       |       ||    31
Invok: Trog's Hand       |       |       |     3 |     3 |     3 |     3 |     2 |     4 |     1 ||    19
       Berserk           |       |       |       |     1 |     2 |       |       |       |       ||     3
       Brothers in Arms  |       |       |       |       |     3 |     6 |     4 |     7 |     2 ||    22
 Abil: Evoke Blink       |       |       |       |       |       |       |       |     1 |     1 ||     2
  Use: Scroll            |       |     8 |     9 |    12 |     9 |     4 |    13 |    11 |    12 ||    78
       Potion            |       |       |       |       |     2 |     2 |     3 |     8 |       ||    15
 Stab: Sleeping          |     1 |       |       |       |       |       |       |       |       ||     1
       Distracted        |       |       |       |       |     1 |     1 |     2 |     4 |       ||     8
       Petrified         |       |       |       |       |       |    13 |       |       |       ||    13
       Petrifying        |       |       |       |       |       |     3 |       |       |       ||     3
       Paralysed         |       |       |       |       |       |       |     2 |       |       ||     2
       Invisible         |       |       |       |       |       |       |       |       |     1 ||     1
  Eat: Chunk             |     3 |     6 |    16 |    18 |    31 |    35 |    24 |    25 |     6 ||   164
       Ration            |       |     1 |       |       |     2 |     2 |     1 |     3 |     1 ||    10
Armor: Animal skin       |     6 |       |       |       |       |       |       |       |       ||     6
       Chain mail        |    24 |   108 |   175 |   212 |   391 |   224 |       |       |       ||  1134
       Plate armour      |       |       |       |       |       |   251 |   312 |       |       ||   563
       Gold dragon scale |       |       |       |       |       |       |    19 |   417 |   149 ||   585
Dodge: Dodged            |    42 |    50 |    85 |   152 |   326 |   618 |   487 |   483 |   165 ||  2408
Block: Shield            |     9 |    68 |   160 |   323 |   637 |   846 |   614 |   801 |   292 ||  3750
       Reflection        |       |       |       |       |       |    26 |    40 |    87 |    13 ||   166
       Rpst.: Scimitar   |       |       |       |     2 |     3 |     1 |       |       |       ||     6
